AoeStats
← blacksword173

Arabia

510156788Analyzed
2v2 RM · 2d ago on Sep 29, 2026· 40m 53s· 4 players
Game mode
Random Map
Map size
Medium (4 player)
Population
200
Speed
Normal
Resources
Standard
Victory
Conquest
Starting age
Dark Age
Ending age
Imperial Age
RankedLock teamsTeams togetherTeam positionsShared explorationLock speedFull tech treeHidden civsTurbo modeCheats
Victory
Defeat
🇩🇪 Tatars · Germany
1052
+13
🇩🇪 Franks · Germany
912
+19
🇪🇸 Aztecs · Spain
1008
-17
🇪🇸 Burgundians · Spain
964
-15
Stanis_Baratheon
10:53 Feudal Age
17:49 Castle Age
18:27 Double-Bit Axe
18:58 Husbandry
22:30 Scale Barding Armor
32:37 Chain Barding Armor
32:31 Gold Mining
37:47 Imperial Age
39:13 Wheelbarrow
40:05 Chemistry
38:36 Cavalier
39:48 Bow Saw
germaniarturos
7:48 Loom
10:25 Feudal Age
11:35 Double-Bit Axe
19:42 Castle Age
18:04 Gold Mining
17:55 Horse Collar
18:10 Stone Mining
19:25 Fletching
19:36 Padded Archer Armor
21:06 Bodkin Arrow
21:27 Leather Archer Armor
21:57 Gold Shaft Mining
25:37 Bow Saw
26:52 Ballistics
31:20 Wheelbarrow
32:05 Silk Armor
36:33 Imperial Age
34:53 Hand Cart
34:23 Town Watch
35:16 Forging
35:13 Scale Barding Armor
36:38 Heavy Cavalry Archer
39:29 Bracer
40:00 Ring Archer Armor
40:35 Chemistry
39:16 Treadmill Crane
39:31 Murder Holes
39:29 Elite Keshik
charmoleck
1:03 Loom
10:53 Horse Collar
14:07 Feudal Age
15:02 Heavy Plow
14:50 Double-Bit Axe
15:39 Loom
19:12 Bow Saw
23:21 Castle Age
22:04 Scale Barding Armor
24:15 Pikeman
24:21 Pikeman
26:32 Cavalier
27:52 Husbandry
28:55 Bow Saw
32:49 Wheelbarrow
33:44 Crop Rotation
33:39 Chain Barding Armor
33:45 Town Watch
36:12 Hand Cart
37:58 Forging
42:29 Imperial Age
40:33 Gold Mining
40:35 Stone Mining
blacksword173
7:05 Loom
9:29 Feudal Age
10:06 Man-at-Arms
15:07 Double-Bit Axe
17:29 Wheelbarrow
19:02 Castle Age
19:44 Gold Mining
20:49 Scale Mail Armor
20:54 Squires
20:16 Long Swordsman
21:21 Gambesons
24:11 Chain Mail Armor
26:13 Eagle Warrior
28:02 Forging
31:58 Bow Saw
34:32 Stone Mining
35:18 Gold Shaft Mining
37:35 Hand Cart
40:02 Imperial Age
38:19 Iron Casting
41:22 Plate Mail Armor
41:53 Blast Furnace
Connection lost

Rejoining the realm…

Still unreachable

The connection could not be restored.

Session expired

The server has moved on; the page needs a fresh start.